Cogmind - Beta 13 @@@ ROGUE MODE // 2024.06.05 @ 02:02:02 Player: Selene Result: Destroyed by Executioner with Helical Railgun Performance ------------- Evolutions (5) 2500 Regions Visited (19) 3800 Robots Destroyed (199) 995 Value Destroyed (6497) 6497 Prototype IDs (39) 780 Alien Tech Used (0) 0 Bonus (2660) 2660 TOTAL SCORE: 17232 Bonus ------- High Alert Combat Kills 991 Follower Combat Kills 2786 Network Hubs Disabled 800 Aligned with FarCom 300 Met Warlord at Base 500 MAIN.C Attacked Warlord 500 Warlord Defense Kills 484 Built Enhanced Grunts 300 Friendly Fire -4001 Cogmind --------- Core Integrity 0/1000 Matter 144/300 Energy 16/100 System Corruption 9% Temperature Warm (170) Movement Treading (166) Location -5/Warlord Parts ------- > --- POWER (2) -------- (None) > --- PROPULSION (4) --- Spiked Medium Treads Armored Medium Treads Armored Medium Treads > --- UTILITY (8) ------ Makeshift Ablative Armor > --- WEAPON (3) ------- Enhanced Gauss Cannon Thermoblaster > --- INVENTORY (5) ---- Improved Recalibrator Heavy Machine Gun Sapper Charge Sapper Charge Peak State ------------ > --- POWER ------------ Angular Momentum Engine Micro Fission Core > --- PROPULSION ------- Armored Treads Medium Treads Improved Medium Treads Improved Medium Treads > --- UTILITY ---------- Advanced Cooling System Advanced Cooling System High-capacity Storage Unit Improved Trap Scanner Hardened Heavy Armor Plating Improved Hacking Suite Component Analysis Suite > --- WEAPON ----------- Thermic Laser Cooled Plasma Rifle Plasma Sword > --- INVENTORY -------- Antimatter Reactor Carbon-fiber Leg Field Propulsion Drive Power Amplifier Improved Cooling System Compact Battery Armor Integrity Analyzer Recoil Nullifier Recoil Nullifier Improved Weapon Cycler Layered Medium Armor Plating Layered Medium Armor Plating Thermal Shield Advanced Shield Generator Improved System Shield High-powered Tractor Beam Improved Recalibrator KE Penetrator Enhanced Gauss Cannon Heavy Missile Launcher [Rating: 92] Favorites ----------- Power Light Ion Engine Engine Light Ion Engine Power Core Fission Core Reactor Antimatter Reactor Propulsion Light Treads Treads Light Treads Leg Improved Titanium Leg Wheel Armored Wheel Hover Unit Backup Propulsion III Flight Unit Field Propulsion Drive Utility Improved Cooling System Device Improved Cooling System Storage High-capacity Storage Unit Processor Core Analyzer Hackware Hacking Suite Protection Hardened Heavy Armor Plating Weapon Improved Light Cannon Energy Gun Field Laser Energy Cannon Firepult Ballistic Gun Heavy Battle Rifle Ballistic Cannon Improved Light Cannon Launcher Rocket Launcher Impact Weapon Powered Hammer Slashing Weapon Falx Piercing Weapon Kinetic Spear Build | -11 -10 -10 -9 -9 -9 -8 -8 -7 -7 -7 -6 -6 -6 -6 -6 -5 -5 -5 -5 ------- Run | Yrd Mat Min Mat Min Exi Min Mat Fac Was Fac Fac Ext Cet Arc Hub Fac Upp Upp War Slots Evolved 10 | . . . 2 . . . 2 2 . . 2 . . . . 2 . . . Power 1 | . . . . . . . . . . . . . . . . 1 . . . Propulsion 2 | . . . 1 . . . 1 . . . . . . . . . . . . Utility 6 | . . . 1 . . . 1 1 . . 2 . . . . 1 . . . Weapon 1 | . . . . . . . . 1 . . . . . . . . . . . Parts Attached 277 | 7 14 4 40 2 . . 35 36 9 20 5 17 4 . 19 33 10 1 21 Power 24 | 1 2 2 3 . . . 3 3 . 1 1 2 . . 2 3 . . 1 Engine 14 | 1 2 1 3 . . . 1 1 . . 1 1 . . . 2 . . 1 Core 9 | . . 1 . . . . 2 2 . 1 . 1 . . 1 1 . . . Reactor 1 | . . . . . . . . . . . . . . . 1 . . . . Propulsion 55 | 2 2 2 6 . . . 10 12 2 . . . . . 4 4 4 . 7 Treads 41 | . 2 2 6 . . . 10 5 2 . . . . . 4 3 . . 7 Leg 10 | 2 . . . . . . . 7 . . . . . . . 1 . . . Wheel 2 | . . . . . . . . . . . . . . . . . 2 . . Hover . | . . . . . . . . . . . . . . . . . . . . Flight 2 | . . . . . . . . . . . . . . . . . 2 . . Utility 99 | 2 1 . 8 . . . 10 12 2 13 4 9 1 . 12 14 3 1 7 Device 59 | 1 . . 2 . . . 4 7 2 10 3 7 . . 8 9 2 . 4 Storage 7 | 1 1 . 2 . . . 1 . . 1 . . . . 1 . . . . Processor 4 | . . . . . . . . 3 . . . . . . . . . 1 . Hackware 4 | . . . . . . . 1 . . 1 . . . . 1 . 1 . . Protection 25 | . . . 4 . . . 4 2 . 1 1 2 1 . 2 5 . . 3 Artifact . | . . . . . . . . . . . . . . . . . . . . Weapon 99 | 2 9 . 23 2 . . 12 9 5 6 . 6 3 . 1 12 3 . 6 Energy Gun 13 | . . . . . . . 5 4 . . . . . . 1 3 . . . Energy Cannon 5 | . . . . . . . . . 2 . . 1 . . . 2 . . . Ballistic Gun 30 | 2 5 . 9 . . . 1 3 2 4 . . . . . 2 . . 2 Ballistic Cannon 25 | . 2 . 13 1 . . 2 . . 2 . 3 1 . . . . . 1 Launcher 10 | . 2 . 1 1 . . 2 . . . . . 1 . . . . . 3 Special Weapon . | . . . . . . . . . . . . . . . . . . . . Impact Weapon 3 | . . . . . . . . 1 1 . . . . . . 1 . . . Slashing Weapon 12 | . . . . . . . 2 1 . . . 2 1 . . 3 3 . . Piercing Weapon 1 | . . . . . . . . . . . . . . . . 1 . . . Special Melee Weapon . | . . . . . . . . . . . . . . . . . . . . Unidentified Prototypes 3 | . . . . . . . . . . . . . . . . 3 . . . Corrupted Parts 1 | . . . . . . . . . . . . . . . . . . . 1 System Corruption 6 | . . . . . . . . . . . . . . . . . . . 6 Parts Lost 38 | . 2 . . . . . 1 3 . . . 1 1 . 4 7 1 7 11 Power 3 | . 1 . . . . . . . . . . . . . . . . . 2 Propulsion 13 | . 1 . . . . . . . . . . . . . 2 4 1 3 2 Utility 15 | . . . . . . . 1 2 . . . . 1 . 1 3 . 2 5 Weapon 7 | . . . . . . . . 1 . . . 1 . . 1 . . 2 2 Highest Loss Streak 11 | . 1 . . . . . 1 2 . . . 1 1 . 2 4 1 7 11 To Critical Strikes 1 | . . . . . . . . . . . . . . . . . . . 1 Average Slot Usage (%) 86 | . 99 100 100 100 100 100 96 96 83 77 80 75 72 73 77 92 35 43 64 Engine 5 | . 14 13 11 11 11 11 2 2 7 6 2 4 . . . 4 . . 9 Core 2 | . . . . . . . 6 4 . . 3 1 6 6 4 3 . . . Treads 21 | . 18 28 33 33 33 33 36 28 2 15 13 13 13 13 17 22 . . 5 Leg 1 | . 9 . . . . . . 1 19 . . . . . . . . . . Device 12 | . 14 14 11 11 11 11 9 8 14 12 18 13 20 20 15 20 3 8 5 Storage 7 | . 14 14 11 11 11 11 9 7 7 7 6 6 6 6 6 4 . . . Processor 1 | . . . . . . . . 11 7 3 . . . . . . . 2 4 Hackware 2 | . . . . . . . 5 . . . 6 6 6 6 7 4 4 3 . Protection 8 | . . . 11 11 11 11 9 7 7 7 7 12 5 6 8 6 . . 11 Energy Gun 2 | . . . . . . . 8 13 . . . . . . . 8 . . 8 Energy Cannon 1 | . . . . . . . . . 7 . . 3 6 6 5 1 . . . Ballistic Gun 4 | . 17 . 2 . . . 2 2 1 12 13 1 . . . . . . 4 Ballistic Cannon 5 | . 9 28 19 20 11 11 3 . . 2 . 5 1 . . . . . . Impact Weapon 1 | . . . . . . . . . 5 7 6 . . . . . . . . Slashing Weapon 1 | . . . . . . . 2 5 . . . 3 3 6 5 4 10 14 . Naked Turns 24 | . . . . . . . . . . . . . . . . 24 . . . Heaviest Build 149 | 11 30 32 59 64 59 59 72 71 91 131 125 149 146 141 147 118 11 11 74 Greatest Support 140 | 20 40 40 60 60 60 60 104 106 140 140 140 140 140 140 140 116 15 15 112 Greatest Overweight (x) 2 | . . . . 1 . . . 1 1 . . 1 1 1 2 1 . . 2 Average Overweight (x) . | . . . . . . . . . . . . . 1 1 . . . . . Largest Inventory Capacity 25 | 8 15 15 20 20 20 20 20 20 20 25 25 25 25 25 25 20 5 5 5 Average Capacity 20 | 7 12 15 19 20 20 20 20 20 20 24 25 25 25 25 23 19 5 5 5 Most Carried 25 | 6 15 15 20 20 20 20 20 20 20 25 25 25 25 25 25 20 5 5 5 Average Carried 20 | 3 11 14 19 19 19 20 19 19 19 24 24 24 24 24 23 19 4 4 4 Final Capacity 25 | 8 15 15 20 20 20 20 20 20 20 25 25 25 25 25 20 5 5 5 5 Final Carried 25 | 5 15 15 20 20 20 20 20 20 20 25 25 25 23 25 19 5 5 5 4 Class Distribution -------------------- 40% | Mutant 35% | Scavenger-Mutant 8% | Commander-Mutant 4% | Scavenger-Tank 3% | Assassin Dominant Class ---------------- Mutant | -10/Materials Mutant | -10/Mines Scavenger-Mutant | -9/Materials Scavenger-Mutant | -9/Mines Scavenger-Mutant | -9/Exiles Scavenger-Mutant | -8/Mines Scavenger-Mutant | -8/Materials Mutant | -7/Factory Mutant | -7/Waste Mutant | -7/Factory Assassin | -6/Factory Scavenger-Tank | -6/Extension Commander-Tank | -6/Cetus Commander-Mutant | -6/Archives Commander-Mutant | -6/Hub_04(d) Scavenger-Mutant | -5/Factory Mutant | -5/Upper Caves Derelict-Mutant | -5/Upper Caves Derelict-Tank | -5/Warlord Resources | -11 -10 -10 -9 -9 -9 -8 -8 -7 -7 -7 -6 -6 -6 -6 -6 -5 -5 -5 -5 ----------- Run | Yrd Mat Min Mat Min Exi Min Mat Fac Was Fac Fac Ext Cet Arc Hub Fac Upp Upp War Matter Collected 5223 | 214 402 58 1157 88 . 34 788 263 282 487 167 331 136 . 166 149 142 44 315 Remotely 329 | . . . . . . . . . . . 157 38 . . . . . . 134 Salvage Created 9162 | 36 436 47 532 98 . 26 828 691 1956 284 136 1301 84 210 1820 436 19 24 198 Parts 356 | 6 30 1 42 11 . 6 50 27 14 17 17 48 . 14 50 13 2 2 6 Haulers Intercepted 6 | . 1 . 2 . . . 3 . . . . . . . . . . . . Recyclers Shooed 4 | . . . . . . . 2 . . 1 . . . . 1 . . . . Parts Field Recycled . | . . . . . . . . . . . . . . . . . . . . Retrieved Matter . | . . . . . . . . . . . . . . . . . . . . Parts Self-Destructed 2 | . . . . . . . . . . . . . . . . . . 2 . Prevented . | . . . . . . . . . . . . . . . . . . . . Kills | -11 -10 -10 -9 -9 -9 -8 -8 -7 -7 -7 -6 -6 -6 -6 -6 -5 -5 -5 -5 ------- Run | Yrd Mat Min Mat Min Exi Min Mat Fac Was Fac Fac Ext Cet Arc Hub Fac Upp Upp War Combat Hostiles Destroyed 117 | . 10 2 15 5 . 4 13 12 6 5 3 12 . . 19 5 . 1 5 Melee 16 | . . . . . . . 2 4 . 1 1 4 . . 2 1 . 1 . Guns 33 | . 8 . 1 . . . 6 7 . 2 2 1 . . . 3 . . 3 Cannons 23 | . . 2 10 2 . . 2 . . 2 . 3 . . . 1 . . 1 AOE 23 | . 2 . 4 3 . 4 3 . . . . 2 . . 4 . . . 1 Classes Destroyed 21 | 1 7 . 3 . . . 1 1 2 . 1 2 . . 2 . . . 1 Worker 13 | . . . 2 . . . 2 . . 1 . 1 . . 7 . . . . Builder 10 | . . . 1 . . 1 . . . . . 4 . . 4 . . . . Tunneler 4 | 2 . . 2 . . . . . . . . . . . . . . . . Hauler 6 | . 1 . 2 . . . 3 . . . . . . . . . . . . Recycler 9 | . 1 . . . . . . 2 . 1 . 3 . . 1 1 . . . Mechanic 3 | . . . . . . . 1 . . . . 1 . . 1 . . . . Operator 13 | . 1 . 2 . . . 1 1 . . . 2 . 6 . . . . . Watcher 10 | . 2 . . . . . 4 . . 1 . 1 . . 2 . . . . Swarmer 20 | . 5 . 4 3 . 4 3 . . . . . . . . . . 1 . Saboteur 1 | . . . . . . . . . . . . . . . . . . . 1 Grunt 43 | . 4 2 8 2 . . 5 8 . 1 . 3 . . 5 3 . . 2 Brawler 6 | . . . . . . . . . . . . 2 . . 3 . . . 1 Duelist 3 | . . . . . . . . . . . . 1 . . . 1 . . 1 Protector 2 | . . . . . . . . . . . . . . . 2 . . . . Sentry 13 | . . . 3 . . . 5 1 . . . 2 . . 1 1 . . . Hunter 2 | . . . . . . . . . . . 1 . . . 1 . . . . Programmer 9 | . . . . . . . . 3 . 4 2 . . . . . . . . Heavy 2 | . . . . . . . . . . . . . . . 2 . . . . Behemoth 2 | . . . . . . . . . . . . 2 . . . . . . . Compactor 6 | . . . . . . . . . 6 . . . . . . . . . . Lightning 5 | . . . . . . . . . . . . . . . 5 . . . . Subdweller 1 | . 1 . . . . . . . . . . . . . . . . . . Decomposer 1 | . . . . . . . . . . . . . . . . . 1 . . Wasp 5 | . . . . . . . . . 5 . . . . . . . . . . Thug 6 | . . . . . . . . . 4 . . 2 . . . . . . . Savage 1 | . . . . . . . . . . . . . 1 . . . . . . Butcher 2 | . . . . . . . . . 2 . . . . . . . . . . Guerrilla 1 | . . . . . . . . . . . . . . . 1 . . . . Best Kill Streak 14 | 1 6 2 5 3 . 5 3 2 2 2 2 8 . 3 14 3 1 1 4 Combat Bots Only 10 | . 5 2 4 3 . 4 3 2 2 2 2 2 . . 10 3 . 1 4 Max Kills in Single Turn 6 | 1 2 1 5 2 . 2 1 1 6 1 1 4 2 1 5 1 1 1 1 Gunslinging . | . . . . . . . . . . . . . . . . . . . . Exploded 4 | . 1 . 4 2 . 2 1 . . . . 1 . . 2 . . . 1 Melee 1 | . . . . . . . 1 1 . 1 1 1 . . 1 1 . 1 . Uniques/NPCs Destroyed 1 | . . . . . . . . . . . . . 1 . . . . . . A7 (-6/Cetus) Combat | -11 -10 -10 -9 -9 -9 -8 -8 -7 -7 -7 -6 -6 -6 -6 -6 -5 -5 -5 -5 -------- Run | Yrd Mat Min Mat Min Exi Min Mat Fac Was Fac Fac Ext Cet Arc Hub Fac Upp Upp War Hostile Shots Fired 919 | . 71 21 39 7 . 8 53 135 . 51 25 105 . . 46 121 10 72 155 Missed 277 | . 17 5 16 1 . 4 17 43 . 19 3 37 . . 12 32 7 24 40 Damage Taken 12430 | . 658 236 323 61 . 88 493 1645 153 513 368 817 120 . 1546 1773 63 734 2839 Core 1697 | . 152 59 37 . . 29 38 154 20 32 21 6 13 . 109 255 24 436 312 Absorbed by Shields 125 | . . . . . . . . . . . . 91 34 . . . . . . Redirected to Shielding 114 | . . . 5 . . . . . . . . . . . 109 . . . . Ignored by Resistances 116 | . . . . . . . . . . . . 92 . . 24 . . . . Core Remaining (%) 73 | 100 . 15 . . . 83 93 . . 70 . . . . 82 . . . . Volleys Fired 465 | 5 56 8 112 5 . 4 107 33 8 23 12 22 10 . 24 14 . . 22 Largest 3 | 2 2 2 2 2 . 1 2 3 2 2 2 2 1 . 2 2 . . 3 Hottest 350 | 40 70 70 78 96 . 33 126 206 315 105 61 307 57 . 325 157 . . 350 Shots Fired 789 | 10 104 16 190 7 . 4 154 66 16 48 24 39 10 . 26 28 . . 47 Gun 440 | 10 92 . 31 . . . 113 66 1 36 24 18 . . 6 20 . . 23 Cannon 322 | . 6 16 158 5 . . 37 . 15 12 . 21 7 . 20 8 . . 17 Launcher 27 | . 6 . 1 2 . 4 4 . . . . . 3 . . . . . 7 Special . | . . . . . . . . . . . . . . . . . . . . Kinetic 573 | 10 98 16 189 5 . . 100 . 1 48 24 35 7 . . . . . 40 Thermal 192 | . . . . . . . 50 66 15 . . 4 . . 26 28 . . 3 Explosive 24 | . 6 . 1 2 . 4 4 . . . . . 3 . . . . . 4 Electromagnetic . | . . . . . . . . . . . . . . . . . . . . Robot Hit Streak 24 | 3 10 6 10 5 . 3 21 24 10 4 5 10 . . 4 6 . . 7 Robot Miss Streak 7 | 1 4 2 3 1 . 1 4 2 4 3 7 2 . . 6 2 . . 5 Penetration Max 1 | . . . . . . . . . . . . 1 . . . . . . 1 Secondary Targets 4 | . . . . . . . . 1 . . 1 . . . . 2 . . . Max Gunslinging Chain 1 | . . . . . . . . 1 . . 1 . . . . 1 . . . Shots Hit Robots 488 | 7 59 10 50 5 . 3 94 77 14 27 14 38 . 10 23 25 1 2 29 Core Hits 399 | 4 30 3 25 7 . 5 41 30 51 13 7 51 16 3 81 9 . 1 22 Critical Kills 3 | . 1 . . . . . . . . 1 . 1 . . . . . . . Critical Parts Destroyed 4 | . . . . . . . 1 . . . . 3 . . . . . . . Critical Strikes 28 | . 1 1 2 . . . 5 5 . 1 . 5 . . 1 3 . 1 3 Burn 5 | . . . . . . . 2 2 . . . . . . . 1 . . . Destroy 7 | . 1 . . . . . 1 . . 1 . 4 . . . . . . . Blast 7 | . . 1 2 . . . 1 . . . . . . . . . . . 3 Sever 9 | . . . . . . . 1 3 . . . 1 . . 1 2 . 1 . Melee Attacks 183 | . . . . . . . 18 38 . 51 13 22 1 10 16 10 1 3 . Impact 69 | . . . . . . . . 3 . 51 13 2 . . . . . . . Slashing 114 | . . . . . . . 18 35 . . . 20 1 10 16 10 1 3 . Piercing . | . . . . . . . . . . . . . . . . . . . . Sneak Attacks 23 | . . . . . . . 1 3 . 1 . 2 . 9 5 1 1 . . Combat Hostiles 1 | . . . . . . . 1 . . . . . . . . . . . . Follow-up Attacks 1 | . . . . . . . . . . . . . . . . . . 1 . Damage Inflicted 19695 | 55 786 181 1195 270 . 368 1858 1911 1876 752 359 2486 448 963 3732 845 112 92 1406 Guns 4972 | 55 527 . 374 . . . 1338 1092 20 365 154 254 . . 21 366 . . 406 Cannons 3389 | . . 181 625 76 . . 271 . 508 185 . 679 . . 385 109 . . 370 Explosions 7051 | . 257 . 186 194 . 368 124 . 1348 . . 895 448 . 2601 . . . 630 Melee 4271 | . . . . . . . 125 819 . 202 205 658 . 963 725 370 112 92 . Ramming 12 | . 2 . 10 . . . . . . . . . . . . . . . . Kinetic 4988 | 55 527 181 999 76 . . 960 . 20 550 154 690 . . . . . . 776 Thermal 8017 | . . . . . . 93 649 1092 1856 . . 1138 . . 2561 475 . . 153 Explosive 1961 | . 257 . 186 194 . 275 124 . . . . . 448 . . . . . 477 Electromagnetic 446 | . . . . . . . . . . . . . . . 446 . . . . Impact 472 | . . . . . . . . . . 202 205 65 . . . . . . . Slashing 3799 | . . . . . . . 125 819 . . . 593 . 963 725 370 112 92 . Piercing . | . . . . . . . . . . . . . . . . . . . . Highest Corruption 9 | . . . . . . . 2 5 5 7 1 1 . . 6 . . . 9 Average Corruption 3 | . . . . . . . 2 3 5 4 1 1 . . 1 . . . 6 Corruption Purged 17 | . . . . . . . . . . 10 . 1 . . 6 . . . . Corruption Blocked . | . . . . . . . . . . . . . . . . . . . . Effects 146 | . . . . . . . 35 18 22 64 1 . . . 4 . . . 2 Message Errors 30 | . . . . . . . 7 5 4 12 1 . . . . . . . 1 Matter Fused 38 | . . . . . . . 11 3 5 18 . . . . 1 . . . . Heat Flow Errors 28 | . . . . . . . 5 1 7 13 . . . . 2 . . . . Energy Discharges 15 | . . . . . . . 6 3 . 6 . . . . . . . . . Parts Rejected 1 | . . . . . . . . . . 1 . . . . . . . . . Data Loss (minor) 18 | . . . . . . . 3 5 1 8 . . . . . . . . 1 Data Loss (major) 3 | . . . . . . . . . 1 2 . . . . . . . . . Misfires 9 | . . . . . . . 2 1 3 3 . . . . . . . . . Alerts 3 | . . . . . . . . . 1 1 . . . . 1 . . . . Weapon Failures 1 | . . . . . . . 1 . . . . . . . . . . . . Overload Shots 4 | . . . . . . . . . . . . . . . . 4 . . . Effects 1 | . . . . . . . . . . . . . . . . 1 . . . Short Circuit 1 | . . . . . . . . . . . . . . . . 1 . . . Overflow Damage 1073 | . 5 . . . . 3 . 76 . 69 10 240 . 347 179 51 93 . . Projectiles 36 | . . . . . . . . . . . . 36 . . . . . . . Explosions 54 | . 5 . . . . 3 . . . . . . . . 46 . . . . Melee 983 | . . . . . . . . 76 . 69 10 204 . 347 133 51 93 . . Knockbacks 26 | . . 2 7 1 . . 4 . . 5 2 4 . . . . . . 1 Impact 4 | . . . . . . . . . . 2 2 . . . . . . . . Kinetic 21 | . . 2 6 1 . . 4 . . 3 . 4 . . . . . . 1 Secondary 1 | . . . 1 . . . . . . . . . . . . . . . . Self-Inflicted Damage 797 | . 35 . 39 . . 55 . . 153 . . 8 127 . 380 . . . . Shots 30 | . 2 . 1 . . 2 . . 9 . . 1 3 . 12 . . . . Rammed 1 | . . . 1 . . . . . . . . . . . . . . . . Targets Rammed 3 | . 1 . 2 . . . . . . . . . . . . . . . . Kicked 1 | . 1 . . . . . . . . . . . . . . . . . . Crushed 1 | . . . 1 . . . . . . . . . . . . . . . . Highest Temperature 514 | . 27 156 179 94 . . 251 312 514 257 . 306 . . 417 99 . . 200 Average Temperature 74 | . 9 96 49 48 . . 70 56 144 96 . 101 . . 124 44 . . 105 Received Heat Transfer 2744 | . 210 126 132 24 . . 216 558 . 45 . 355 . . 174 558 9 9 328 Effects 6 | . . . . . . . . . 3 . . . . . 3 . . . . Shutdowns 3 | . . . . . . . . . 2 . . . . . 1 . . . . Interference 3 | . . . . . . . . . 1 . . . . . 2 . . . . Siege Activations . | . . . . . . . . . . . . . . . . . . . . Robots Corrupted . | . . . . . . . . . . . . . . . . . . . . Combat Hostiles . | . . . . . . . . . . . . . . . . . . . . Parts Fried 10 | . . . . . . . . . . 4 . 3 . . 3 . . . . Impact Corruptions 7 | . . . . . . . . . . 4 1 2 . . . . . . . Robots Melted 30 | . . . . . . . . 1 12 . . 4 . . 13 . . . . Combat Hostiles 22 | . . . . . . . . 1 6 . . 2 . . 13 . . . . Parts Melted 146 | . . . . . . . 4 6 38 . . 24 . . 72 2 . . . Heat Transferred 33950 | . . . . . . 100 1517 2337 9748 . . 6092 . . 13022 973 . . 161 Parts Sabotaged 2 | . . . . . . . . . . . . . . . . . . . 2 Parts Stolen . | . . . . . . . . . . . . . . . . . . . . Parts Stripped . | . . . . . . . . . . . . . . . . . . . . Power Chain Reactions . | . . . . . . . . . . . . . . . . . . . . Alert | -11 -10 -10 -9 -9 -9 -8 -8 -7 -7 -7 -6 -6 -6 -6 -6 -5 -5 -5 -5 ------- Run | Yrd Mat Min Mat Min Exi Min Mat Fac Was Fac Fac Ext Cet Arc Hub Fac Upp Upp War Peak Influence 1627 | 10 243 55 209 97 . 141 167 181 15 364 115 804 891 490 1627 825 . . . Initial 791 | . 6 5 21 25 . . 54 69 . . 84 52 449 272 101 791 . . . Average 185 | 3 58 48 79 36 . 123 95 78 5 158 68 170 691 399 542 661 . . . Maximum Alert Level 5 | . 1 . 1 . . . . . . 1 . 3 3 2 5 3 . . . Low Security (%) 76 | 100 94 100 94 100 . 100 100 100 100 74 100 70 . . 41 . . . . Level 1 8 | . 5 . 5 . . . . . . 25 . 13 . 35 11 . . . . Level 2 9 | . . . . . . . . . . . . 12 70 64 17 62 . . . Level 3 3 | . . . . . . . . . . . . 4 29 . 8 37 . . . Level 4 1 | . . . . . . . . . . . . . . . 17 . . . . Level 5 . | . . . . . . . . . . . . . . . 3 . . . . High Security . | . . . . . . . . . . . . . . . . . . . . Max Security . | . . . . . . . . . . . . . . . . . . . . Squads Dispatched 37 | . 1 . 6 . . . . 6 . 8 2 3 2 . 8 1 . . . Investigation 9 | . . . 3 . . . . . . 3 . 1 2 . . . . . . Extermination 9 | . . . . . . . . 3 . 4 1 . . . 1 . . . . Reinforcement 14 | . 1 . 3 . . . . 3 . . 1 1 . . 5 . . . . Assault 3 | . . . . . . . . . . . . 1 . . 1 1 . . . Garrison 2 | . . . . . . . . . . 1 . . . . 1 . . . . Intercept . | . . . . . . . . . . . . . . . . . . . . Searches Triggered . | . . . . . . . . . . . . . . . . . . . . Construction Impeded 1 | . . . . . . . . . . . . 1 . . . . . . . Haulers Reinforced . | . . . . . . . . . . . . . . . . . . . . Active Scanning Responses . | . . . . . . . . . . . . . . . . . . . . Cargo Convoy Interrupts 1 | . . . . . . . . . . . . . . . . 1 . . . Stealth | -11 -10 -10 -9 -9 -9 -8 -8 -7 -7 -7 -6 -6 -6 -6 -6 -5 -5 -5 -5 --------- Run | Yrd Mat Min Mat Min Exi Min Mat Fac Was Fac Fac Ext Cet Arc Hub Fac Upp Upp War Distress Signals 22 | . 3 . 5 . . . 2 1 . 1 . 1 2 . 5 . . . 2 Communications Jammed . | . . . . . . . . . . . . . . . . . . . . Distress Signals . | . . . . . . . . . . . . . . . . . . . . Times Spotted 290 | . 17 2 23 5 . 4 26 17 4 23 6 42 11 9 46 19 6 14 16 Peak Tracking Total 14 | . 5 2 4 3 . 4 5 5 2 5 3 5 5 2 6 14 3 10 12 Tactical Retreats 12 | . 2 . 1 . . . 2 1 . . . 1 . . . 1 2 2 . Traps | -11 -10 -10 -9 -9 -9 -8 -8 -7 -7 -7 -6 -6 -6 -6 -6 -5 -5 -5 -5 ------- Run | Yrd Mat Min Mat Min Exi Min Mat Fac Was Fac Fac Ext Cet Arc Hub Fac Upp Upp War Traps Triggered 11 | . . . 2 . . . 1 1 . 4 1 1 . . . 1 . . . Indirectly . | . . . . . . . . . . . . . . . . . . . . Trap Hack Attempts . | . . . . . . . . . . . . . . . . . . . . Triggered . | . . . . . . . . . . . . . . . . . . . . Disarmed 7 | . . . . . . . 1 . . . . 6 . . . . . . . Reprogrammed 2 | . . . . . . . . . . . . . . . 2 . . . . Reused . | . . . . . . . . . . . . . . . . . . . . Traps Extracted . | . . . . . . . . . . . . . . . . . . . . Installed . | . . . . . . . . . . . . . . . . . . . . Triggered 11 | . . . . . . . . . . . . . . . . . 1 . 10 Machines | -11 -10 -10 -9 -9 -9 -8 -8 -7 -7 -7 -6 -6 -6 -6 -6 -5 -5 -5 -5 ---------- Run | Yrd Mat Min Mat Min Exi Min Mat Fac Was Fac Fac Ext Cet Arc Hub Fac Upp Upp War Machines Disabled 42 | . . . . . . 1 1 2 . 8 1 4 3 1 20 1 . . . Max in Single Turn 7 | . . . . . . 1 1 1 . 1 1 . 1 . 7 1 . . . Garrison Access 5 | . . . . . . . . . . 2 1 . . . 1 1 . . . Network Hub 4 | . . . . . . . . . . . . . . . 4 . . . . Machines Repaired . | . . . . . . . . . . . . . . . . . . . . Machines Dismantled . | . . . . . . . . . . . . . . . . . . . . Machines Sabotaged . | . . . . . . . . . . . . . . . . . . . . Overloaded Fab Kills . | . . . . . . . . . . . . . . . . . . . . Hacking | -11 -10 -10 -9 -9 -9 -8 -8 -7 -7 -7 -6 -6 -6 -6 -6 -5 -5 -5 -5 --------- Run | Yrd Mat Min Mat Min Exi Min Mat Fac Was Fac Fac Ext Cet Arc Hub Fac Upp Upp War Machines Accessed 95 | . 9 1 12 . 5 . 9 4 . 14 2 16 3 1 10 2 1 . 6 Terminals 61 | . 7 . 8 . . . 7 3 . 8 1 15 3 . 9 . . . . Fabricators . | . . . . . . . . . . . . . . . . . . . . Repair Stations 3 | . . . . . . . 1 1 . 1 . . . . . . . . . Recycling Units 9 | . 2 . 2 . . . . . . 3 . 1 . . . 1 . . . Scanalyzers 3 | . . . 2 . . . 1 . . . . . . . . . . . . Garrison Access 5 | . . . . . . . . . . 2 1 . . . 1 1 . . . Total Hacks 274 | . 20 1 31 . 50 . 36 5 . 24 3 31 7 25 32 2 1 . 6 Successful 181 | . 10 1 13 . 50 . 23 2 . 13 2 16 3 25 14 2 1 . 6 Failed 92 | . 10 . 17 . . . 13 3 . 11 1 15 4 . 18 . . . . Catastrophic 23 | . 4 . . . . . 2 2 . 4 . 2 1 . 8 . . . . Database Lockouts 1 | . . . 1 . . . . . . . . . . . . . . . . Manual 49 | . 4 . 8 . 1 . 12 1 . 3 . 3 1 . 16 . . . . Terminals 156 | . 16 . 23 . . . 27 3 . 17 2 30 7 . 31 . . . . Fabricators . | . . . . . . . . . . . . . . . . . . . . Repair Stations 5 | . . . . . . . 2 2 . 1 . . . . . . . . . Recycling Units 13 | . 4 . 4 . . . . . . 3 . 1 . . . 1 . . . Scanalyzers 11 | . . . 4 . . . 7 . . . . . . . . . . . . Garrison Access 6 | . . . . . . . . . . 3 1 . . . 1 1 . . . Terminal Hacks 149 | . 7 1 6 . 50 . 15 1 . 7 1 14 3 25 12 . 1 . 6 Record 89 | . . . . . 49 . . . . . . . 3 25 6 . 1 . 5 Robot Analysis 5 | . 1 . 1 . . . 3 . . . . . . . . . . . . Prototype ID Bank 8 | . 3 . 1 . . . 2 . . . . 2 . . . . . . . Open Door 10 | . . 1 . . . . . . . . . 8 . . . . . . 1 Open DSF 1 | . . . . . . . . 1 . . . . . . . . . . . Branch Access Points 2 | . . . . . . . . . . 1 1 . . . . . . . . Terminal Index 1 | . . . . . . . 1 . . . . . . . . . . . . Alert Level 6 | . . . 1 . . . 3 . . 2 . . . . . . . . . Unreport Threat 2 | . . . . . . . . . . . . 1 . . 1 . . . . Locate Traps 7 | . 1 . 2 . . . 1 . . 1 . . . . 2 . . . . Disarm Traps 2 | . . . . . . . 1 . . . . 1 . . . . . . . Reprogram Traps 1 | . . . . . . . . . . . . . . . 1 . . . . Security Status 1 | . . . . . . . 1 . . . . . . . . . . . . Hauler Manifests 3 | . 1 . 1 . . . 1 . . . . . . . . . . . . Registered Prototypes 1 | . 1 . . . . . . . . . . . . . . . . . . Zone Layout 9 | . . . . . . . 2 . . 3 . 2 . . 2 . . . . Derelict Proto ID Bank 1 | . . . . . 1 . . . . . . . . . . . . . . Fabricator Hacks . | . . . . . . . . . . . . . . . . . . . . Repair Station Hacks 3 | . . . . . . . 1 1 . 1 . . . . . . . . . Scan Component 3 | . . . . . . . 1 1 . 1 . . . . . . . . . Recycling Unit Hacks 9 | . 2 . 2 . . . . . . 3 . 1 . . . 1 . . . Report Inventory 4 | . 1 . 2 . . . . . . . . . . . . 1 . . . Retrieve Components 5 | . 1 . . . . . . . . 3 . 1 . . . . . . . Scanalyzer 10 | . . . 4 . . . 6 . . . . . . . . . . . . Insert Component 5 | . . . 2 . . . 3 . . . . . . . . . . . . Analyze 5 | . . . 2 . . . 3 . . . . . . . . . . . . Garrison Access Hacks 5 | . . . . . . . . . . 2 1 . . . 1 1 . . . Seal Access 5 | . . . . . . . . . . 2 1 . . . 1 1 . . . Unauthorized Hacks 5 | . 1 . 1 . . . 1 . . . . 1 . . 1 . . . . Terminals 3 | . . . . . . . 1 . . . . 1 . . 1 . . . . Botnet 3 | . . . . . . . 1 . . . . 1 . . 1 . . . . Fabricators . | . . . . . . . . . . . . . . . . . . . . Repair Stations . | . . . . . . . . . . . . . . . . . . . . Recycling Units 2 | . 1 . 1 . . . . . . . . . . . . . . . . Reject 2 | . 1 . 1 . . . . . . . . . . . . . . . . Scanalyzers . | . . . . . . . . . . . . . . . . . . . . Garrison Access . | . . . . . . . . . . . . . . . . . . . . Data Cores Recovered 1 | . . . . . . . . . . . . 1 . . . . . . . Used . | . . . . . . . . . . . . . . . . . . . . Hacking Detections 57 | . 9 . 9 . . . 7 3 . 9 1 7 3 . 9 . . . . Full Trace Events 5 | . . . 1 . . . . . . 1 . 1 2 . . . . . . Feedback Events 1 | . . . . . . . . . . 1 . . . . . . . . . Corruption 1 | . . . . . . . . . . 1 . . . . . . . . . Feedback Blocked . | . . . . . . . . . . . . . . . . . . . . Robot Schematics Acquired . | . . . . . . . . . . . . . . . . . . . . Robots Built . | . . . . . . . . . . . . . . . . . . . . Authchips . | . . . . . . . . . . . . . . . . . . . . Time . | . . . . . . . . . . . . . . . . . . . . Total Robot Build Rating . | . . . . . . . . . . . . . . . . . . . . Part Schematics Acquired 5 | . . . 2 . . . 3 . . . . . . . . . . . . Parts Built . | . . . . . . . . . . . . . . . . . . . . Authchips . | . . . . . . . . . . . . . . . . . . . . Time . | . . . . . . . . . . . . . . . . . . . . Total Part Build Rating . | . . . . . . . . . . . . . . . . . . . . Parts Repaired . | . . . . . . . . . . . . . . . . . . . . Time . | . . . . . . . . . . . . . . . . . . . . Parts Recycled . | . . . . . . . . . . . . . . . . . . . . Recycled Matter . | . . . . . . . . . . . . . . . . . . . . Retrieved Matter . | . . . . . . . . . . . . . . . . . . . . Retrieved Components 33 | . 3 . . . . . . . . 20 . 10 . . . . . . . Parts Scanalyzed 5 | . . . 2 . . . 3 . . . . . . . . . . . . Part Schematics Acquired 5 | . . . 2 . . . 3 . . . . . . . . . . . . Parts Damaged . | . . . . . . . . . . . . . . . . . . . . Bothacking | -11 -10 -10 -9 -9 -9 -8 -8 -7 -7 -7 -6 -6 -6 -6 -6 -5 -5 -5 -5 ------------ Run | Yrd Mat Min Mat Min Exi Min Mat Fac Was Fac Fac Ext Cet Arc Hub Fac Upp Upp War Used RIF Installer . | . . . . . . . . . . . . . . . . . . . . Robots Hacked . | . . . . . . . . . . . . . . . . . . . . Non-combat . | . . . . . . . . . . . . . . . . . . . . Combat . | . . . . . . . . . . . . . . . . . . . . Robot Hacks Applied . | . . . . . . . . . . . . . . . . . . . . Relay Couplers Released 1 | . . . . . . . . . . . . . . . 1 . . . . Machine Destruction 1 | . . . . . . . . . . . . . . . 1 . . . . Fabnet Peak Effective % . | . . . . . . . . . . . . . . . . . . . . Robots Rewired 9 | . . . . . . . . . . . . 9 . . . . . . . Allies Hacked 1 | . . . . . . . . . . 1 . . . . . . . . . Hacks Repelled . | . . . . . . . . . . . . . . . . . . . . Allies | -11 -10 -10 -9 -9 -9 -8 -8 -7 -7 -7 -6 -6 -6 -6 -6 -5 -5 -5 -5 -------- Run | Yrd Mat Min Mat Min Exi Min Mat Fac Was Fac Fac Ext Cet Arc Hub Fac Upp Upp War Total Allies 48 | . . . . . . . . . 18 3 . 22 5 . . . . . . Largest Group 18 | . . . . . . . . . 18 9 . 12 13 10 8 . . . . Highest-Rated Group 840 | . . . . . . . . . 444 279 . 487 840 628 584 . . . . Highest-Rated Ally 159 | . . . . . . . . . 35 35 . 159 153 96 96 . . . . Total Orders 8 | . . . . . . . . . . . . 4 3 . 1 . . . . STAY 1 | . . . . . . . . . . . . . 1 . . . . . . FOLLOW 2 | . . . . . . . . . . . . 1 1 . . . . . . GUARD 1 | . . . . . . . . . . . . . . . 1 . . . . AID 4 | . . . . . . . . . . . . 3 1 . . . . . . Ally Attacks 396 | . . . . . . . . . . 60 . 161 58 34 83 . . . . Total Damage 10514 | . . . . . . . . . . 1351 . 3539 1657 1049 2918 . . . . Kills 76 | . . . . . . . . . . 15 . 24 12 5 20 . . . . Allies Corrupted 2 | . . . . . . . . . . 1 . . . . 1 . . . . Allies Melted 6 | . . . . . . . . . 6 . . . . . . . . . . Intel | -11 -10 -10 -9 -9 -9 -8 -8 -7 -7 -7 -6 -6 -6 -6 -6 -5 -5 -5 -5 ------- Run | Yrd Mat Min Mat Min Exi Min Mat Fac Was Fac Fac Ext Cet Arc Hub Fac Upp Upp War Robot Analysis Total 5 | . 1 . 1 . . . 3 . . . . . . . . . . . . Derelict Logs Recovered 5 | . . 1 . 1 . . . . . . . . . . . . 2 1 . Drone Launches . | . . . . . . . . . . . . . . . . . . . . Drone Recoveries . | . . . . . . . . . . . . . . . . . . . . Exploration | -11 -10 -10 -9 -9 -9 -8 -8 -7 -7 -7 -6 -6 -6 -6 -6 -5 -5 -5 -5 ------------- Run | Yrd Mat Min Mat Min Exi Min Mat Fac Was Fac Fac Ext Cet Arc Hub Fac Upp Upp War Turns Passed 24519 | 139 1050 195 2603 985 1282 351 3072 1712 917 3876 764 2576 733 565 1393 1060 199 161 886 Spaces Moved 12913 | 95 590 100 1338 486 797 211 1327 822 414 2201 334 1127 294 222 650 542 362 292 709 Core 265 | 8 . . . . . . . . . . . . . . . 46 . 66 145 Treads 10980 | . 379 100 1338 486 797 211 1327 759 77 2201 334 1127 294 222 650 496 . . 182 Legs 698 | 87 211 . . . . . . 63 337 . . . . . . . . . . Wheels 2 | . . . . . . . . . . . . . . . . . . 2 . Hover 382 | . . . . . . . . . . . . . . . . . . . 382 Flight 586 | . . . . . . . . . . . . . . . . . 362 224 . Fastest Speed 45 | 50 120 160 160 160 160 160 160 125 160 160 160 160 240 240 160 50 45 50 50 Average Speed 162 | 114 145 160 160 197 160 160 160 159 208 160 160 206 240 240 189 167 49 51 111 Slowest Speed 320 | 120 160 160 160 240 160 160 160 193 240 160 160 240 240 240 320 243 57 90 245 Overloaded Moves . | . . . . . . . . . . . . . . . . . . . . Propulsion Burnouts . | . . . . . . . . . . . . . . . . . . . . Robots Hopped . | . . . . . . . . . . . . . . . . . . . . Cave-ins Triggered . | . . . . . . . . . . . . . . . . . . . . Exploration Rate (%) 62 | 5 99 28 97 98 93 58 68 19 92 52 8 87 62 98 77 13 60 53 84 Regions Visited 19 Branch Regions 11 Pre-discovered Areas 3 | . . . . 1 1 . . . . . . . . . . . 1 . . Known Exits Taken 3 | . . . . . . 1 . . . . 1 . . . . . . 1 . Unknown Exits Taken 14 | 1 1 1 1 1 1 . 1 . . 1 . 1 1 1 1 1 1 . . Scrap Searched 9 | . . 1 . 1 . 2 . . . . . . . . . . 4 1 . Spaces Dug 91 | . . . 16 . . . 17 11 . 39 6 . . . . 2 . . . Terrain Destroyed 766 | . 31 . 24 15 . 42 55 11 . 42 6 1 . . 511 4 . . 24 Melee 72 | . . . . . . . 14 11 . 39 6 . . . . 2 . . . Projectile 50 | . . . 17 3 . . 7 . . 3 . 1 . . . 2 . . 17 AOE 644 | . 31 . 7 12 . 42 34 . . . . . . . 511 . . . 7 Terrain Rammed . | . . . . . . . . . . . . . . . . . . . . Walls Destroyed . | . . . . . . . . . . . . . . . . . . . . Machines Disabled . | . . . . . . . . . . . . . . . . . . . . Actions | -11 -10 -10 -9 -9 -9 -8 -8 -7 -7 -7 -6 -6 -6 -6 -6 -5 -5 -5 -5 --------- Run | Yrd Mat Min Mat Min Exi Min Mat Fac Was Fac Fac Ext Cet Arc Hub Fac Upp Upp War Total 15416 | 115 694 120 1624 507 808 221 2109 1119 461 2434 519 1300 308 237 751 650 376 298 765 Wait 1113 | . 6 3 72 8 . 7 566 131 9 93 149 40 . . 29 . . . . Move 12895 | 94 589 99 1337 485 796 210 1326 822 413 2200 333 1126 293 221 649 541 361 291 709 Hop . | . . . . . . . . . . . . . . . . . . . . Pick Up 191 | 7 17 2 25 3 5 . 21 24 9 21 4 9 . 4 6 26 3 1 4 Fast Attach 63 | 7 1 . 3 . . . 4 7 2 4 . 2 . . . 12 8 1 12 Attach 52 | . 3 . 3 . . . 3 10 5 1 2 3 1 . 6 9 2 . 4 Detach 18 | . . . 1 . . . 2 6 2 4 . 2 . . . . . . 1 Swap 162 | . 10 4 34 2 . . 28 19 2 15 3 12 3 . 13 12 . . 5 Drop 221 | 2 11 4 35 4 6 . 34 29 11 22 3 12 . 2 8 26 1 3 8 Fire 465 | 5 56 8 112 5 . 4 107 33 8 23 12 22 10 . 24 14 . . 22 Melee 182 | . . . . . . . 18 38 . 51 13 22 1 10 16 10 1 2 . Ram . | . . . . . . . . . . . . . . . . . . . . Kick 1 | . 1 . . . . . . . . . . . . . . . . . . Crush 2 | . . . 2 . . . . . . . . . . . . . . . . Escape Stasis . | . . . . . . . . . . . . . . . . . . . . Rewire 51 | . . . . . 1 . . . . . . 50 . . . . . . . Trap . | . . . . . . . . . . . . . . . . . . . . Miscellaneous . | . . . . . . . . . . . . . . . . . . . . Route ------- -11/Scrapyard -10/Materials (discovered 6 exits: *Mat x3 / *Min x2 / [*Sub]) -10/Mines -9/Materials (discovered 5 exits: *Mat x3 / [*Min x2]) -9/Mines (discovered 3 exits: *Mat x2 / *Exi) -9/Exiles (discovered 2 exits: [*Min x2]) -8/Mines (discovered 2 exits: *Mat x2) -8/Materials (discovered 2 exits: *Fac x2) -7/Factory (discovered 2 exits: *Low x2) -7/Waste -7/Factory (discovered 5 exits: *Fac x2 / *Sto / *Low x2) -6/Factory (discovered 4 exits: Low x2 / *Ext x2) -6/Extension (discovered 2 exits: *Fac / *Cet) -6/Cetus -6/Archives (discovered 3 exits: *Fac / *Hub x2) -6/Hub_04(d) (discovered 3 exits: *Fac x3) -5/Factory (discovered 2 exits: [*Fac] / *Upp) -5/Upper Caves -5/Upper Caves -5/Warlord History --------- Turn | Location | Event 5 | -11/Scrapyard | Discovered new exit (range 15) 140 | -11/Scrapyard | Entered Materials 275 | -10/Materials | Discovered new exit (range 15) 305 | -10/Materials | Build established: Mutant 356 | -10/Materials | Discovered new exit (range 6) 558 | -10/Materials | Discovered new exit (range 16) 714 | -10/Materials | Discovered new exit (range 11) 740 | -10/Materials | Derelicts attacked the area 793 | -10/Materials | Core integrity fell below 50% 948 | -10/Materials | Discovered new exit (range 6) 1035 | -10/Materials | Discovered new exit (range 6) 1190 | -10/Materials | Entered Mines 1215 | -10/Mines | Core integrity fell below 20% 1321 | -10/Mines | Found a hidden stash of uninstalled traps 1328 | -10/Mines | Discovered new exit (range 11) 1353 | -10/Mines | Found the Drone Emporium 1360 | -10/Mines | Learned location of 1 exit from Materials 1367 | -10/Mines | Found Prototype Device 1385 | -10/Mines | Entered Materials 1385 | -9/Materials | Evolved 2 slots: Propulsion x1, Utility x1 1386 | -9/Materials | Identified exit to Materials 1809 | -9/Materials | Discovered exit to Materials (range 12) 2024 | -9/Materials | Discovered new exit (range 7) 2466 | -9/Materials | Central database locked down 2556 | -9/Materials | Build established: Scavenger-Mutant 3050 | -9/Materials | Discovered exit to Materials (range 5) 3944 | -9/Materials | Discovered new exit (range 9) 3988 | -9/Materials | Entered Mines 3995 | -9/Mines | Received a Rocket Launcher from a helpful Derelict 4026 | -9/Mines | Discovered exit to Materials (range 16) 4227 | -9/Mines | A weapon hastily lodged in a ceiling crevice suddenly fell to the ground 4249 | -9/Mines | Learned Materials garrison access intel 4376 | -9/Mines | Discovered exit to Materials (range 8) 4745 | -9/Mines | Deemed a non-threat by the Exiles lab entrance 4745 | -9/Mines | Discovered new exit (range 6) 4835 | -9/Mines | Found a damaged Exp. Sensor Array with a note attached 4865 | -9/Mines | Learned location of Storage (-7) 4909 | -9/Mines | Found Prototype Device 4973 | -9/Mines | Entered Exiles 4996 | -9/Exiles | Discovered new exit (range 15) 5033 | -9/Exiles | Met 8R-AWN 5055 | -9/Exiles | Met EX-HEX 5155 | -9/Exiles | Met EX-DEC 5185 | -9/Exiles | Visited The Gauntlet 5411 | -9/Exiles | Learned location of Zion (-6) 5475 | -9/Exiles | Met EX-BIN 5499 | -9/Exiles | Aligned with FarCom system 5501 | -9/Exiles | Given EX-Vault access code 5565 | -9/Exiles | Opened EX-Vault 5616 | -9/Exiles | Warned to stay clear of 0b10 Research branches 5757 | -9/Exiles | Discovered new exit (range 14) 5951 | -9/Exiles | Found Firepult 6255 | -9/Exiles | Left Exiles lab with Firepult 6255 | -9/Exiles | Entered Mines 6295 | -8/Mines | Discovered exit to Materials (range 11) 6530 | -8/Mines | Discovered exit to Materials (range 13) 6606 | -8/Mines | Entered Materials 6606 | -8/Materials | Evolved 2 slots: Propulsion x1, Utility x1 6997 | -8/Materials | Discovered new exit (range 8) 8682 | -8/Materials | Discovered new exit (range 10) 8949 | -8/Materials | Build established: Mutant 9678 | -8/Materials | Entered Factory 9678 | -7/Factory | Evolved 2 slots: Utility x1, Weapon x1 9751 | -7/Factory | Identified exit to DSF 10838 | -7/Factory | Discovered new exit (range 14) 10867 | -7/Factory | Discovered new exit (range 8) 11390 | -7/Factory | Sucked down chute 11390 | -7/Factory | Entered Waste 11405 | -7/Waste | Spotted C-40 Crusher 11410 | -7/Waste | Destroyed C-40 Crusher 11425 | -7/Waste | Spotted C-40 Crusher 11435 | -7/Waste | Destroyed C-40 Crusher 11562 | -7/Waste | Spotted C-40 Crusher 11566 | -7/Waste | Spotted C-40 Crusher 11566 | -7/Waste | Destroyed C-40 Crusher 11569 | -7/Waste | Destroyed C-40 Crusher 11584 | -7/Waste | Spotted C-40 Crusher 11595 | -7/Waste | Destroyed C-40 Crusher 11675 | -7/Waste | Spotted C-40 Crusher 11682 | -7/Waste | Destroyed C-40 Crusher 11836 | -7/Waste | Warlord forces began an assault 11945 | -7/Waste | Discovered new exit (range 13) 12142 | -7/Waste | Murdered 3 allies 12148 | -7/Waste | Lost 4 allies 12307 | -7/Waste | Entered Factory 12307 | -7/Factory | Accompanied by 7 allies 12379 | -7/Factory | Discovered new exit (range 16) 12553 | -7/Factory | Discovered new exit (range 15) 13306 | -7/Factory | Garrison activated, responded to threat 13449 | -7/Factory | Allied Derelicts emerged from ambush trap array 13606 | -7/Factory | Lost 6 allies 14049 | -7/Factory | Discovered new exit (range 16) 15274 | -7/Factory | Discovered new exit (range 10) 16107 | -7/Factory | Identified exit to Storage 16107 | -7/Factory | Identified exit to Lower Caves 16183 | -7/Factory | Entered another Factory area 16183 | -6/Factory | Evolved 2 slots: Utility x2 16244 | -6/Factory | Identified exit to Lower Caves 16244 | -6/Factory | Identified exit to Extension 16584 | -6/Factory | Build established: Scavenger-Assassin 16924 | -6/Factory | Build established: Assassin 16947 | -6/Factory | Entered Extension 17488 | -6/Extension | Build established: Mutant 17579 | -6/Extension | Rescued A7 17729 | -6/Extension | Rescued a captive Derelict 17730 | -6/Extension | Rescued a captive Derelict 17795 | -6/Extension | Rescued a captive Derelict 18154 | -6/Extension | Build established: Scavenger-Tank 18211 | -6/Extension | Rescued a captive Derelict 18211 | -6/Extension | Rescued a captive Derelict 18721 | -6/Extension | Spotted B-75 Beast 18731 | -6/Extension | Destroyed B-75 Beast 18743 | -6/Extension | Spotted B-75 Beast 18749 | -6/Extension | Destroyed B-75 Beast 18772 | -6/Extension | Disrupted transfer network 18904 | -6/Extension | Lost 3 allies 18966 | -6/Extension | Rescued a captive Derelict 18968 | -6/Extension | Rescued a captive Derelict 19119 | -6/Extension | Build established: Scavenger-Mutant 19130 | -6/Extension | Rescued a captive Derelict 19131 | -6/Extension | Rescued a captive Derelict 19204 | -6/Extension | Lost 3 allies 19362 | -6/Extension | Rescued a captive Derelict 19397 | -6/Extension | First assault squad dispatched 19405 | -6/Extension | Rescued a captive Derelict 19410 | -6/Extension | Rescued a captive Derelict 19476 | -6/Extension | Discovered new exit (range 10) 19478 | -6/Extension | Discovered new exit (range 6) 19523 | -6/Extension | Entered Cetus 19523 | -6/Cetus | Accompanied by 11 allies (A7) 19528 | -6/Cetus | Acquired a Cetus Manufacturing Module code from A7 19552 | -6/Cetus | Spotted Cetus Guard 19552 | -6/Cetus | Spotted Cetus Guard 19556 | -6/Cetus | Spotted Cetus Guard 19556 | -6/Cetus | Spotted Cetus Guard 19558 | -6/Cetus | Build established: Commander-Mutant 19561 | -6/Cetus | Allies destroyed Cetus Guard 19564 | -6/Cetus | Allies destroyed Cetus Guard 19565 | -6/Cetus | Allies destroyed Cetus Guard 19573 | -6/Cetus | Allies destroyed Cetus Guard 19660 | -6/Cetus | Started Cetus Manufacturing Module 19685 | -6/Cetus | Manufactured an Enhanced Grunt 19710 | -6/Cetus | Manufactured an Enhanced Grunt 19735 | -6/Cetus | Manufactured an Enhanced Grunt 19760 | -6/Cetus | Manufactured an Enhanced Grunt 19785 | -6/Cetus | Manufactured an Enhanced Grunt 19915 | -6/Cetus | Murdered A7 19915 | -6/Cetus | Destroyed A7 19949 | -6/Cetus | Discovered new exit (range 16) 19979 | -6/Cetus | Build established: Commander-Tank 20256 | -6/Cetus | Entered Archives 20256 | -6/Archives | Accompanied by 10 allies 20282 | -6/Archives | Build established: Commander-Mutant 20316 | -6/Archives | Unable to access archive contents 20320 | -6/Archives | Discovered new exit (range 15) 20356 | -6/Archives | Unable to access archive contents 20361 | -6/Archives | Discovered new exit (range 15) 20388 | -6/Archives | Unable to access archive contents 20392 | -6/Archives | Discovered new exit (range 15) 20412 | -6/Archives | Unable to access archive contents 20821 | -6/Archives | Entered Hub_04(d) 20821 | -6/Hub_04(d) | Accompanied by 8 allies 21013 | -6/Hub_04(d) | Discovered new exit (range 15) 21269 | -6/Hub_04(d) | Discovered new exit (range 6) 21536 | -6/Hub_04(d) | Garrison activated, responded to threat 21725 | -6/Hub_04(d) | Network Hub disabled 21789 | -6/Hub_04(d) | Spotted Lightning 21791 | -6/Hub_04(d) | Spotted Lightning 21793 | -6/Hub_04(d) | Spotted Lightning 21806 | -6/Hub_04(d) | Destroyed Lightning 21806 | -6/Hub_04(d) | Destroyed Lightning 21835 | -6/Hub_04(d) | Network Hub disabled 21871 | -6/Hub_04(d) | First assault squad dispatched 21914 | -6/Hub_04(d) | Spotted Lightning 21920 | -6/Hub_04(d) | Spotted Lightning 21920 | -6/Hub_04(d) | Spotted Lightning 21923 | -6/Hub_04(d) | Destroyed Lightning 21923 | -6/Hub_04(d) | Destroyed Lightning 21924 | -6/Hub_04(d) | Destroyed Lightning 21973 | -6/Hub_04(d) | Destroyed 10 combat bots 22001 | -6/Hub_04(d) | Discovered new exit (range 9) 22006 | -6/Hub_04(d) | Network Hub disabled 22163 | -6/Hub_04(d) | Network Hub disabled 22203 | -6/Hub_04(d) | Spotted Lightning 22211 | -6/Hub_04(d) | Spotted Lightning 22211 | -6/Hub_04(d) | Spotted Lightning 22214 | -6/Hub_04(d) | Entered Factory 22214 | -5/Factory | Evolved 2 slots: Power x1, Utility x1 22504 | -5/Factory | Build established: Scavenger-Mutant 22833 | -5/Factory | Discovered new exit (range 7) 22841 | -5/Factory | Discovered new exit (range 11) 23114 | -5/Factory | First assault squad dispatched 23245 | -5/Factory | Cargo convoy interrupted 23250 | -5/Factory | Released all parts (15) 23274 | -5/Factory | Entered Upper Caves 23279 | -5/Upper Caves | Lost 4 parts (3n1u) 23462 | -5/Upper Caves | Discovered new exit (range 14) 23471 | -5/Upper Caves | Attracted the attention of an 0b10 checkpoint 23473 | -5/Upper Caves | Entered another Upper Caves area 23570 | -5/Upper Caves | Identified exit to Warlord 23571 | -5/Upper Caves | Attracted the attention of an 0b10 checkpoint 23604 | -5/Upper Caves | Core integrity fell below 50% 23634 | -5/Upper Caves | Entered Warlord 23659 | -5/Warlord | Lost 7 parts (3n2u2w) 23829 | -5/Warlord | Met Warlord 23834 | -5/Warlord | Warlord's base attacked by MAIN.C 24184 | -5/Warlord | Warlord forces counterattacked 24320 | -5/Warlord | Build established: Derelict-Tank 24476 | -5/Warlord | Spotted Executioner 24503 | -5/Warlord | Core integrity fell below 20% 24509 | -5/Warlord | Warlord base infiltrated, sounded retreat 24520 | -5/Warlord | Destroyed by Executioner with Helical Railgun Last Messages --------------- 24513_ The unstable cave ceiling collapses. 24513_ Lgt. Angular Momentum Engine destroyed. 24514_ Slug penetrates B-74 Champion. 24514_ Penetrated by Slug. 24516_ Hrd. Heavy Armor Plating destroyed. 24516_ Adv. Cooling System destroyed. 24516_ Penetrated by Slug. 24516_ Slug penetrates Blast Doors. 24517_ Mak. Ablative Armor melts away. 24517_ Penetrated by Slug. 24517_ KE Penetrator destroyed. 24517_ Penetrated by Slug. 24518_ System corrupted: Component data lost. 24518_ Targeting Computer destroyed. 24518_ System corrupted by crushing effect (+2). 24519_ Penetrated by Slug. 24520_ I-47 Archangel Antimatter Reactor blasted off. 24520_ I-47 Archangel knocked back. 24520_ Penetrated by Slug. Map ----- +----------------------------------------------------+ | ## #??????????????????????????????????? | | ## """ #??????????????????????????????????? | | ## """ #??????????????????????????????????? | | ###+## """ #??????????????????????????????????? | | ^# #??????????????????????????????????? | | + """ #??????????????????????????????????? | | # """ #??????????????????????????????????? | | # # """ #??????????????????????????????????? | | ## # #??????????????????????????????????? | | # ###+######?????????????????????????##???????? | | ## #?# #???????????????????????? ???## ???????? | | ## #?# #????????????????????????? ?? ???????? | | ## ### #?????????????????????????? ### ???????? | | ## # # ##?????????????????????????? ???????? | | ## #??????""??????????????????# #??????? | | ## #?????#""#?????????????????# ??????? | | ## #?????#""###???????????##???# ##????? | | ####### #?????#""# #########?## #?##?# #????? | | #??#### #######"" ## ## # # " % ##??? | | #??# # "" != ##? | | #??# # "" !! = =! # # | | #### * [ ""!%% /%/ %[ ! #? | | !%! %!! [ [ =%% = *[ = ! = = #? | | !% = = *==/= %== i =* %= E *% ## # | | ! =[=%![%=%%=%%%%=[b*%% =%%=g%= [ %#?# # | | * %= [%! %%*[=%%%@!%!! * != & % #??? # | | #" %%%%[ "!%&=[=* !! / ! ???? # | | % !== !* ! #??#? | | """ %= #% # # ;% "#?? # | | " # ## % "" #########[=["??? | | "### #######"";######## #??????## % #??? ? | | "#?# #?????#""#???????? #??????# ##??? ? | | """#?## #?????#""#???????? #?????## ##???? ? | | ####?## ##?????"??????????##?????# #????? #? | | ###### #???????????????????????# #????? #? | | #???????????????????????# ##????? #? | | #???????????????????????# #??????# ## | | #??????????????????????## ##????## # | | ### #?????????????????????## ##??## # | | #?#######?????????????????????# ##?# # | | #?????????????????????????##### ## ### # | | #????????????????????????## # #### ## # | | " #????????????????????????# #?## ## # | | " #????????????????????????# ##?# ## ## | | " #????????????????????????# ## #?## #? | | " #????????????????????????###### #??### ##? | | #????????????????????????????# ##????######?? | | #????????????????????????????#####????????????? | | #?????????????????????????????????????????????? | | #??######?????????????????????????????????????? | +----------------------------------------------------+ Best States ------------- Heat Dissipation 102 Coolant Potential 65 Energy Generation 34 Energy Capacity 525 Matter Stores 300 Matter Capacity 300 Sight Range 16 Terrain Scan Density 10 Armor Coverage 1130 Resistance: TH 20 Resistance: EM 25 Propulsion Shielding 66 Utility Shielding 33 Phase Shifting 10 Evasion (%) 61 Targeting Accuracy 8 Core Analysis 6 Recoil Reduction 4 Energy Filtering 30 Kinecelleration 30 Offensive Hacking 22 Defensive Hacking 11 Item Schematics ----------------- VTOL Module | -9/Materials | Scanalyzed Hacking Suite | -9/Materials | Scanalyzed Hrd. Light Armor Plating | -8/Materials | Scanalyzed Signal Interpreter | -8/Materials | Scanalyzed Structural Scanner | -8/Materials | Scanalyzed Robot Schematics ------------------ None Fabricated ------------ Nothing Alien Tech Used ----------------- None Achievements -------------- 404 A Powerful Ally? Collateral Damage Explorer Prison Break Project G-00 Pyromaniac Challenges ------------ None Game ------ Seed FactoryIonicAccelerator Manual? 0 Play Time 06:07:41 Cumulative 56.4 hours Start 2024.05.31 @ 16:12:48 End 2024.06.05 @ 02:02:02 Sessions 9 Manual Loads 0 Difficulty Rogue Special Mode None Game No. 37 Rogue 34 Adventurer 3 Explorer 0 Win Type - Total 1 Types 1/0/0/0/0/0/0/0/0 Lore% 29 Gallery% 40 Achievement% 32 Wizard Run 0 Options --------- Layout 2 ASCII 0 Keyboard 1 Movement Vi Keybinds 1 Fullscreen 2 Font 24/Smallcaps Map View 50x44 Zoom Use 0% Tactical HUD 1 Map Filters NONE Filters NONE Steam 1 RUN: 578fcade-e270-4acb-9088-630f9a807bb6